 Dungeon Crawl Stone Soup version 0.31-a0-624-g18b9692 (webtiles) character file.

Game seed: 15341828819363958587

1467491 BarneyGumball the Worldbinder (level 25, 143/143 (144) HPs)
             Began as a Felid Summoner on Aug 23, 2023.
             Was an Initiate of Gozag.
             Escaped with the Orb
             ... and 3 runes!
             The game lasted 10:08:39 (87352 turns).

BarneyGumball the Worldbinder (Felid Summoner)     Turns: 87352, Time: 10:08:40

HP:   143/143 (144) AC: 31    Str:  4    XL:     25   Next: 42%
MP:   53/53         EV: 34    Int: 35    God:    Gozag
Gold: 779           SH:  0    Dex: 16    Spells: 2/56 levels left
                                        Lives: 2   Deaths: 4

rFire   + + +        (weapon unavailable)
rCold   + . .        (shield unavailable)
rNeg    + + .        (body armour unavailable)
rPois   ∞            (helmet unavailable)
rElec   +            (cloak unavailable)
rCorr   .            (gloves unavailable)
SInv    +            (boots unavailable)
Will    ++++.        W - amulet of magic regeneration
Stlth   +            X - ring "Jeh Xeos" {Wiz rF++ rC+ rN+ Stlth+}
HPRegen 0.43/turn    a - ring of Gommar {*Corrode rF+ Will+ MP+9 Int+8}
MPRegen 0.73/turn

%: corrode self (3%), wizardry (x1)
@: statue-form, calling dragons, lightly drained, very slow
A: slow and powerful, torment resistance 1, boosted hp, very small, claws 1,
fangs 3, see invisible, (speed 1), (shaggy fur 3), stealthy paws, no weapons or
thrown items, no armour, multi-lived, antennae 1, clumsy 1, frail 1, inhibited
regeneration
0: Orb of Zot
}: 3/15 runes: decaying, silver, gossamer
a: Begin Untransformation, Renounce Religion, Potion Petition, Call Merchant,
Bribe Branch


You escaped.
You worshipped Gozag.
Gozag was pleased with you.
You were a living statue of rough stone.
You visited 10 branches of the dungeon, and saw 48 of its levels.

You collected 27183 gold pieces.
You spent 8526 gold pieces at shops.
You paid 17878 gold pieces to Gozag.

Inventory:

Jewellery
 a - the ring of Gommar (right paw) {*Corrode rF+ Will+ MP+9 Int+8}
   (You bought it in a shop on level 2 of the Orcish Mines)

   [ring of willpower]

   Int+8:     It affects your intelligence (+8).
   rF+:       It protects you from fire.
   Will+:     It increases your willpower.
   MP+9:      It affects your magic capacity (+9).
   *Corrode:  It may corrode you when you take damage.
 m - a +4 ring of protection
 n - the ring "Nemosomu" {Drain Will++ Str+6 SInv}
   (You took it off a skeletal warrior on level 2 of the Depths)

   [ring of see invisible]

   Str+6:     It affects your strength (+6).
   Will++:    It greatly increases your willpower.
   SInv:      It lets you see invisible.
   Drain:     It drains your maximum health when unequipped.
 x - the amulet of Soopin {Will- Regen+ Slay+5}
   (You took it off an ironbound convoker on level 5 of the Vaults)

   [amulet of regeneration]

   Slay+5:    It affects your accuracy & damage with ranged weapons and melee
   (+5).
   Will-:     It decreases your willpower.
   Regen+:    It increases your rate of health regeneration.
 E - the ring "Vejoifre" {rElec rF+ MP+9 Int+3 Dex-5}
   (You bought it in a shop on level 1 of the Lair of Beasts)

   [ring of magical power]

   Int+3:     It affects your intelligence (+3).
   Dex-5:     It affects your dexterity (-5).
   rF+:       It protects you from fire.
   rElec:     It insulates you from electricity.
   MP+9:      It affects your magic capacity (+9).
 F - the ring of Sireheobb {rN+ rCorr Int+3 Dex+3}
   (You took it off a spriggan on level 2 of the Swamp)

   [ring of resist corrosion]

   Int+3:     It affects your intelligence (+3).
   Dex+3:     It affects your dexterity (+3).
   rN+:       It protects you from negative energy.
   rCorr:     It protects you from acid and corrosion.
 M - the ring of the Mage {Wiz Archmagi}
   (You found it on level 2 of the Depths)

   [ring of wizardry]

   Wiz:       It improves your spell success rate.
   Archmagi:  It increases the power of your magical spells.
 P - the ring of the Good {rC+ Str+4 Dex+6}
   (You took it off a tengu reaver on level 2 of the Depths)

   [ring of protection from cold]

   Str+4:     It affects your strength (+4).
   Dex+6:     It affects your dexterity (+6).
   rC+:       It protects you from cold.
 R - the ring "Qoreag" {Wiz rF+ rN+ Will+}
   (You took it off a deep elf death mage on level 2 of the Depths)

   [ring of wizardry]

   Wiz:       It improves your spell success rate.
   rF+:       It protects you from fire.
   rN+:       It protects you from negative energy.
   Will+:     It increases your willpower.
 S - the ring "Zaidu" {Wiz Fly rCorr Stlth+}
   (You took it off a deep elf elementalist on level 3 of the Elven Halls)

   [ring of wizardry]

   Wiz:       It improves your spell success rate.
   Fly:       It grants you flight.
   rCorr:     It protects you from acid and corrosion.
   Stlth+:    It makes you more stealthy.
 U - the ring "Rassu Roumih" {rF+ Will+ Str+3 Dex+6}
   (You took it off a deep elf master archer on level 3 of the Elven Halls)

   [ring of dexterity]

   Str+3:     It affects your strength (+3).
   Dex+6:     It affects your dexterity (+6).
   rF+:       It protects you from fire.
   Will+:     It increases your willpower.
 V - a ring of the Octopus King {rC+ HP+2 AC+2 EV+2 SH+2}
   (You took it off a deep elf annihilator on level 3 of the Elven Halls)

   [ring of protection from cold]

   AC+2:      It affects your AC (+2).
   EV+2:      It affects your evasion (+2).
   rC+:       It protects you from cold.
   HP+2:      It affects your health (+2).
   SH+2:      It affects your SH (+2).
 W - an amulet of magic regeneration (around neck)
 X - the ring "Jeh Xeos" (left paw) {Wiz rF++ rC+ rN+ Stlth+}
   (You bought it in a shop on level 2 of the Orcish Mines)

   [ring of wizardry]

   Wiz:       It improves your spell success rate.
   rF++:      It greatly protects you from fire.
   rC+:       It protects you from cold.
   rN+:       It protects you from negative energy.
   Stlth+:    It makes you more stealthy.
Talismans
 i - a granite talisman (active)
Wands
 q - a wand of polymorph (33)
 r - a wand of digging (43)
 s - a wand of mindburst (47)
 y - a wand of iceblast (37)
 A - a wand of flame (100)
 D - a wand of paralysis (39)
 N - a wand of light (11)
Scrolls
 b - 14 scrolls of revelation
 c - 9 scrolls of noise
 e - 2 scrolls of silence
 g - 10 scrolls of fog
 h - 7 scrolls of immolation
 p - 9 scrolls of teleportation
 z - 6 scrolls of fear
 C - 4 scrolls of torment
 H - 7 scrolls of vulnerability
 I - a scroll of summoning
 K - 29 scrolls of identify
 L - 7 scrolls of poison
 Q - a scroll of amnesia
Potions
 d - 3 potions of invisibility
 f - 6 potions of haste
 j - a potion of magic
 k - a potion of resistance
 l - 7 potions of might
 o - 3 potions of brilliance
 t - 9 potions of curing
 u - 9 potions of enlightenment
 v - 5 potions of lignification
 w - 2 potions of berserk rage
 B - 6 potions of ambrosia
 G - 3 potions of mutation
 J - 4 potions of attraction
 O - 2 potions of cancellation


   Skills:
 + Level 19.3 Fighting
 + Level 23.7 Dodging
 - Level 3.0 Stealth
 - Level 16.4 Spellcasting
 - Level 10.0 Hexes
 * Level 26.7 Summonings
 - Level 10.0 Translocations
 - Level 4.0 Transmutations
 - Level 7.0 Air Magic
 + Level 19.9 Shapeshifting


You had 2 spell levels left.
You knew the following spells:

 Your Spells              Type           Power      Damage    Failure   Level
a - Yara's Violent Unrav  Hex/Tmut       33%        3d14      1%          5
b - Blink                 Tloc           100%       N/A       1%          2
c - Dragon's Call         Summ           60%        N/A       1%          9
d - Silence               Hex/Air        36%        N/A       1%          5
e - Dispersal             Tloc           39%        N/A       1%          6
f - Summon Mana Viper     Hex/Summ       100%       N/A       0%          5
g - Tukima's Dance        Hex            78%        N/A       1%          3
h - Malign Gateway        Summ/Tloc      51%        N/A       1%          7
i - Summon Forest         Summ/Tloc      51%        N/A       0%          5
j - Summon Hydra          Summ           60%        N/A       0%          7

Your spell library contained the following spells:

 Spells                   Type           Power      Damage    Failure   Level
 Apportation              Tloc           100%       N/A       0%          1
 Slow                     Hex            100%       N/A       0%          1
 Summon Small Mammal      Summ           100%       N/A       0%          1
 Call Imp                 Summ           100%       N/A       0%          2
 Kiss of Death            Conj/Necr      100%       2d13      1%          1
 Magic Dart               Conj           100%       1d8       1%          1
 Necrotise                Necr           100%       1d9       1%          1
 Sandblast                Erth           56%        2d13      1%          1
 Shock                    Conj/Air       100%       1d9       1%          1
 Sting                    Tmut/Pois      100%       1d8       1%          1
 Cigotuvi's Dreadful Rot  Necr/Pois/Air  90%        N/A       1%          2
 Passwall                 Tmut/Erth      35%        N/A       1%          2
 Poisonous Vapours        Pois/Air       100%       N/A       1%          2
 Wereblood                Tmut           54%        N/A       1%          2
 Call Canine Familiar     Summ           100%       N/A       0%          3
 Summon Guardian Golem    Hex/Summ       100%       N/A       0%          3
 Summon Lightning Spire   Summ/Air       98%        N/A       0%          4
 Summon Cactus Giant      Summ           60%        N/A       0%          6
 Monstrous Menagerie      Summ           60%        N/A       0%          7
 Confusing Touch          Hex            78%        N/A       1%          3
 Dazzling Flash           Conj/Hex       100%       N/A       1%          3
 Frozen Ramparts          Ice            56%        1d9       1%          3
 Inner Flame              Hex/Fire       59%        N/A       1%          3
 Mephitic Cloud           Conj/Pois/Air  45%        N/A       1%          3
 Ozocubu's Armour         Ice            28%        N/A       1%          3
 Swiftness                Air            67%        N/A       1%          3
 Vampiric Draining        Necr           28%        2d8       1%          3
 Volatile Blastmotes      Fire/Tloc      100%       2d18      1%          3
 Airstrike                Air            33%        2d(5-21)  1%          4
 Anguish                  Hex/Necr       29%        N/A       1%          4
 Cause Fear               Hex            39%        N/A       1%          4
 Iskenderun's Mystic Bla  Conj/Tloc      59%        2d12      1%          4
 Leda's Liquefaction      Hex/Erth       29%        N/A       1%          4
 Manifold Assault         Tloc           78%        N/A       1%          4
 Passage of Golubria      Tloc           78%        N/A       1%          4
 Summon Ice Beast         Ice/Summ       89%        N/A       1%          4
 Metabolic Englaciation   Hex/Ice        29%        N/A       1%          5
 Haunt                    Necr/Summ      44%        N/A       1%          7
 Spellforged Servitor     Conj/Summ      44%        N/A       1%          7
 Petrify                  Tmut/Erth      42%        N/A       2%          4
 Dispel Undead            Necr           28%        3d13      5%          4
 Flame Wave               Conj/Fire      28%        2d9       5%          4
 Olgreb's Toxic Radiance  Pois           28%        N/A       5%          4
 Sticky Flame             Conj/Fire      28%        2d5       5%          4
 Alistair's Intoxication  Tmut/Pois      28%        N/A       6%          5
 Freezing Cloud           Conj/Ice/Air   22%        6-21      6%          5
 Irradiate                Conj/Tmut      21%        3d18      6%          5
 Enfeeble                 Hex            39%        N/A       8%          7
 Fireball                 Conj/Fire      14%        3d8       14%         5
 Iskenderun's Battlesphe  Conj           28%        2d8       14%         5
 Lee's Rapid Deconstruct  Erth           14%        3d9*      14%         5
 Eringya's Noxious Bog    Tmut/Pois      21%        4d6       32%         6
 Disjunction              Tloc           39%        N/A       45%         8
 Death Channel            Necr           14%        N/A       58%         6
 Leda's Unmaking          Conj/Erth      14%        9d3       58%         6
 Starburst                Conj/Fire      14%        6d6       58%         6
 Maxwell's Capacitive Co  Air            33%        ∞         86%         8
 Orb of Destruction       Conj           14%        9d7       98%         7
 Borgnjor's Revivificati  Necr           14%        N/A       100%        8
 Lehudib's Crystal Spear  Conj/Erth      14%        10d5      100%        8
 Chain Lightning          Conj/Air       26%        3d34      100%        9
 Death's Door             Necr           14%        N/A       100%        9
 Fire Storm               Conj/Fire      14%        8d4       100%        9
 Shatter                  Erth           14%        3d14*     100%        9
 Sublimation of Blood     Necr           Unusable   N/A       N/A         2
 Portal Projectile        Hex/Tloc       Unusable   N/A       N/A         3
 Animate Armour           Summ/Erth      Unusable   N/A       N/A         4
 Simulacrum               Ice/Necr       Unusable   N/A       N/A         6

Dungeon Overview and Level Annotations

Branches:
Dungeon (15/15)            Temple (1/1) D:7            Lair (5/5) D:11
  Swamp (4/4) Lair:3       Spider (4/4) Lair:2        Slime (0/5) Lair:5
    Orc (2/2) D:10            Elf (3/3) Orc:2        Vaults (5/5) D:13
  Crypt (0/3) Vaults:3     Depths (4/4) D:15            Zot (5/5) Depths:4

Altars:
Ashenzari
Cheibriados
Dithmenos
Elyvilon
Fedhas
Gozag
Hepliaklqana
Kikubaaqudgha
Makhleb
Nemelex Xobeh
Okawaru
Qazlal
Ru
Sif Muna
Trog
Uskayaw
Vehumet
Wu Jian
Xom
Yredelemnul
Zin
The Shining One
Jiyva
Lugonu

Shops:
D:8 **   D:12 !   D:15 :   Orc:1 ?   Orc:2 (([=:=   Elf:1 (   Lair:1 =
Lair:2 :   Lair:3 ?   Lair:5 :   Vaults:3 *   Zot:1 *   Depths:1 *
Depths:4 (:

Portals:
Hell: Depths:1 Depths:2 Depths:3 Depths:4
Abyss: Lair:5 Swamp:1 Depths:3
Pandemonium: Depths:2 Depths:4
Ziggurat: Depths:4

Annotations:
D:10 exclusions: ice statue and orange crystal statue
D:12 6 transporters
Lair:4 2 transporters, exclusion: downstairs
Lair:5 1 runed translucent door
Swamp:1 2 transporters, Xozugaitue's ghost, journeyman KoBr
Spider:4 3 runed translucent doors
Vaults:1 exclusion: ironbound frostheart
Depths:2 1 transporter
Depths:4 exclusion: 2 doors
Zot:1 3 runed translucent doors, exclusion: obsidian statue, Kaonimui's ghost, master DjHW


Innate Abilities, Weirdness & Mutations

You are a living statue of rough stone.
Your actions are slow, but your melee attacks are powerful.
You are resistant to unholy torment.
Your maximum health is greatly increased.
You are immune to poison.
You have sharp claws.
You have razor-sharp teeth.
You have supernaturally acute eyesight. (SInv)
((You cover ground quickly. (Speed+)))
((Your thick and shaggy fur keeps you warm. (AC +3, rC+)))
Your paws help you pounce on unaware monsters.
You are incapable of wielding weapons or throwing items.
You cannot wear armour.
You gain extra lives every three experience levels.
You have a pair of small antennae on your head.
You are clumsy. (Dex -2)
You are frail. (-10% HP)
You do not regenerate when monsters are visible.


Message History

Your golden dragon tramples the lorocyproca!
The lorocyproca stumbles backwards!
The lorocyproca hits your golden dragon!
Your golden dragon barely misses the lorocyproca.
Your golden dragon claws the lorocyproca!
Your golden dragon tramples the lorocyproca!
The lorocyproca stumbles backwards!
A hellwing comes into view.
A dragon arrives to answer your call! Something hits your golden dragon!!
Your quicksilver dragon bites the hellion!
Your quicksilver dragon claws the hellion!
The hellion misses your quicksilver dragon.
Your quicksilver dragon breathes dispelling energy at the hellion.
The bolt of dispelling energy hits the hellion!!
The hellion dies!
The bolt of dispelling energy hits the lorocyproca!!
The hellwing moves out of view.
A dragon arrives to answer your call!
Your golden dragon bites the lorocyproca.
Your golden dragon claws the lorocyproca!
Your golden dragon tramples the lorocyproca but does no damage.
The lorocyproca hits your golden dragon!
Something hits your golden dragon but does no damage. x2
Your golden dragon bites the lorocyproca!!
The lorocyproca dies!
Something hits your golden dragon.
Something hits your golden dragon but does no damage.
Something hits your quicksilver dragon!
Something hits your quicksilver dragon but does no damage.
There is a stone staircase leading up here.
A dragon arrives to answer your call!
Your golden dragon breathes fire at the hellwing.
The bolt of fire hits the hellwing!!
Your golden dragon breathes fire at the hellwing.
The bolt of fire hits the hellwing but does no damage.
You climb upwards.
There is a stone staircase leading down here.
There is an open door here.
There is a staircase leading out of the dungeon here.
You have escaped!

.#......................#####
.#####.########♣#######.....#
.#.....# ♣≈.## ♣#.###.#
.#.#######♣##♣♣.#.♣###.>....#
.#......##.............##.###
........##♣...........###.#
...)....# ♣..#######..♣ #.#
........#♣#..#.....#..#♣#.#
##......#♣...#..8..#...♣♣.#
#......♣.♣..#PP...#..♣.♣.#
#......#♣...#.....'...##.#
#########♣..#..P..#..###.#
####### ♣..###'###..♣ #.##
......# #...........♣ #..#
#####.# ♣...........♣ ##.#
#.....# ♣~#~♣.#.#♣#♣# #.#
#.#########♣###♣.#♣ #.##


There were no monsters in sight!

Vanquished Creatures
  A tentacled monstrosity (Zot:1)
  A death cob (Zot:4)
  A storm dragon (Vaults:5)
  A ghost moth (Spider:4)
  A very ugly thing (Depths:1)
  A deep elf annihilator (Elf:3)
  A deep elf demonologist (Elf:1)
  A centaur warrior (Vaults:3)
  A deep elf knight (Elf:1)
  2 skysharks
  2 deep elf zephyrmancers (Elf:3)
  A necromancer (Vaults:2)
  An ugly thing (Vaults:2)
  2 moths of wrath
  A jumping spider (Lair:2)
  2 culicivoras (Spider:4)
  A redback (Depths:4)
  A water moccasin (Lair:2)
  A killer bee (D:10)
  A nameless horror (Depths:1)
  2 adders (D:5)
  A goblin (D:3)
  A hobgoblin (D:2)
  2 quokkas
  3 bats
  A rat (D:3)
34 creatures vanquished.

Vanquished Creatures (collateral kills)
  2 dread liches (Zot:5)
  6 orbs of fire
  3 ancient liches
  Mara (Spider:4)
  Mennas (Depths:4)
  A juggernaut (Depths:3)
  Saint Roka (Orc:2)
  Frederick (Vaults:5)
  the Lernaean hydra (Swamp:4)
  2 Killer Klowns (Zot:5)
  A caustic shrike (Depths:2)
  3 golden dragons
  Arachne (Spider:2)
  2 electric golems (Zot:5)
  Mlioglotl (Spider:4)
  14 tentacled monstrosities
  18 Orb Guardians (Zot:5)
  3 liches
  6 quicksilver dragons
  8 titans
  3 deep elf blademasters
  2 ancient champions (Depths:2)
  7 sphinxes
  2 deep elf master archers (Elf:3)
  8 death cobs
  Kirke (Spider:1)
  12 shadow dragons
  Donald (Swamp:4)
  7 tengu reavers
  11 storm dragons
  7 draconian monks
  3 fenstrider witches
  7 draconian knights
  9 frost giants
  11 fire giants
  19 vault wardens
  5 draconian scorchers
  A balrug (Depths:1)
  2 deep elf elementalists (Elf:3)
  A deep elf sorcerer (Elf:3)
  2 iron dragons (Depths:3)
  4 ghost moths
  9 emperor scorpions
  17 ironbound preservers
  7 draconian shifters
  2 formless jellyfish (Vaults:1)
  A cacodemon (Depths:4)
  4 broodmothers
  4 war gargoyles
  A spriggan defender (Depths:2)
  11 draconian annihilators
  18 very ugly things
  16 stone giants
  5 draconian stormcallers
  6 ironbound thunderhulks
  16 green draconians
  3 deep elf demonologists
  2 eleionomae
  A lorocyproca (D:2)
  7 vampire knights
  17 black draconians
  10 bunyips
  23 purple draconians
  18 yellow draconians
  3 deep elf annihilators
  A dire elephant (Vaults:1)
  8 white draconians
  9 spark wasps
  18 red draconians
  6 deep elf death magi
  A crystal guardian (Vaults:3)
  A merfolk javelineer (Depths:1)
  8 fire dragons
  15 ettins
  7 entropy weavers
  Josephine (Lair:4)
  9 yaktaur captains
  7 deep elf high priests
  2 great orbs of eyes
  27 vault guards
  Erolcha (D:12)
  8 ice dragons
  2 ogre magi (Vaults:1)
  21 hydras
  5 rakshasas
  7 spriggan air magi
  2 catoblepae (Lair:1)
  5 peacekeepers
  2 ghost crabs
  9 centaur warriors
  3 jorogumos
  6 ironbound frosthearts
  4 radroaches
  8 boulder beetles
  A satyr (shapeshifter) (Elf:1)
  8 tengu warriors
  6 two-headed ogres
  15 dancing weapons
  13 alligators
  8 deep troll shamans
  6 death yaks
  4 spriggan berserkers
  9 deep troll earth magi
  3 thrashing horrors (Lair:5)
  4 demonic crawlers
  2 orc high priests
  A vampire mage (D:15)
  7 deep elf knights
  2 sun demons (Depths:1)
  Sonja (D:13)
  11 hell knights
  A soul eater (Depths:4)
  5 pharaoh ants
  2 skysharks (Lair:4)
  6 iron trolls
  Nergalle (D:11)
  2 sun moths (Spider:4)
  3 death drakes (Swamp:2)
  8 goliath frogs
  13 orb spiders
  2 glowing orange brains
  2 spriggan druids
  18 swamp dragons
  9 skeletal warriors
  54 deep trolls
  10 bog bodies
  5 flayed ghosts
  10 wizards
  6 necromancers
  6 steelbarb worms
  3 orc knights
  6 lindwurms (Vaults:3)
  20 ironbound convokers
  13 deep elf archers
  4 harpies
  24 deep elf pyromancers
  4 phantasmal warriors
  16 deep elf zephyrmancers
  45 ugly things
  2 stone giant zombies (D:15)
  An oklob plant (Lair:5)
  22 wolf spiders
  5 orc sorcerers
  4 manticores (D:15)
  7 cyclopes
  5 will-o-the-wisps
  A fire giant zombie (D:15)
  A toenail golem (Depths:2)
  An elephant (shapeshifter) (Vaults:3)
  16 moths of wrath
  8 black mambas
  6 elephants (Lair:5)
  19 cane toads
  A black mamba (shapeshifter) (Lair:5)
  9 vault sentinels
  3 smoke demons
  5 torpor snails
  2 gargoyles
  An orange demon (Depths:4)
  3 unseen horrors
  2 rime drakes
  A hellion (D:2)
  4 kobold demonologists
  27 yaktaurs
  A tormentor (Depths:1)
  3 freezing wraiths
  5 tengu conjurers
  An efreet (D:13)
  A meliai (shapeshifter) (D:14)
  6 komodo dragons
  4 polar bears
  6 trolls
  6 tyrant leeches
  10 hornets
  2 hellwings (D:13)
  2 raiju (Lair:5)
  An ettin zombie (D:15)
  26 tarantellas
  31 blink frogs
  A dream sheep (shapeshifter) (Depths:3)
  38 jumping spiders
  33 slime creatures
  A jumping spider (shapeshifter) (Elf:2)
  24 culicivoras
  A culicivora (shapeshifter) (Spider:2)
  2 air elementals
  5 spriggans
  11 water elementals
  36 yaks
  2 vampires
  A ynoxinul (Lair:5)
  5 fire elementals
  6 wraiths
  5 wyverns
  3 humans (D:13)
  4 fire bats (Orc:2)
  5 basilisks
  3 chaos spawn
  61 redbacks
  11 vampire mosquitoes
  19 swamp worms
  4 wargs
  Menkaure (D:7)
  19 water moccasins
  2 large abominations (Lair:5)
  An acid dragon (D:7)
  4 floating eyes (Depths:2)
  10 swamp drakes
  A black bear (Lair:4)
  25 orc warriors
  A sky beast (D:7)
  3 boggarts (Vaults:2)
  14 centaurs
  10 ogres
  11 small abominations (Lair:5)
  2 phantoms
  7 kobold brigands
  20 bullfrogs
  2 scorpions
  4 wights
  3 killer bees (D:10)
  3 electric eels
  3 howler monkeys
  A sleepcap (D:4)
  2 hounds
  25 orc priests
  A jelly (D:4)
  4 iguanas
  6 hell rats
  25 orc wizards
  9 nameless horrors
  Robin (D:3)
  10 gnolls
  7 adders
  4 river rats (D:11)
  A shadow imp (D:7)
  A white imp (D:8)
  3 worms (D:2)
  4 dart slugs
  97 orcs
  6 ball pythons
  5 bats
  5 endoplasms
  4 giant cockroaches
  15 goblins
  7 hobgoblins
  2 jackals (D:3)
  12 kobolds
  4 quokkas
  A frilled lizard (D:3)
  4 rats
  A snaplasher vine (D:14)
1959 creatures vanquished.

Vanquished Creatures (others)
  A dread lich (Zot:5)
  2 ancient liches (Zot:5)
  Sojobo (Vaults:5)
  Vv (Depths:2)
  A tentacled monstrosity (Zot:5)
  2 titans (Vaults:5)
  5 Orb Guardians (Zot:5)
  A quicksilver dragon (Zot:5)
  11 eldritch tentacles
  A tengu reaver (Vaults:5)
  A draconian monk (Zot:5)
  A storm dragon (Vaults:5)
  2 fire giants
  A draconian shifter (Zot:5)
  A draconian scorcher (Zot:5)
  3 vault wardens
  2 draconian stormcallers
  A green draconian (Zot:5)
  A stone giant (Vaults:5)
  An ironbound thunderhulk (D:13)
  An eleionoma (Swamp:2)
  An ettin (Vaults:5)
  2 deep elf death magi (Vaults:5)
  13 vault guards (Vaults:5)
  A hydra (Lair:5)
  A peacekeeper (Vaults:3)
  A catoblepas (Lair:1)
  A deep troll earth mage (Vaults:5)
  2 death yaks (Lair:5)
  A hell knight (Vaults:5)
  2 deep elf knights (Elf:1)
  A deep troll (Depths:2)
  An ugly thing (D:11)
  A moth of wrath (Zot:2)
  3 vault sentinels (Vaults:5)
  A rust devil (Zot:5)
  Jeremiah (D:7)
  Maggie (D:6)
  An ice devil (Depths:4)
  3 yaktaurs (Vaults:5)
  A komodo dragon (Lair:5)
  2 bloated husks (Swamp:1)
  A troll (D:9)
  Grinder (D:4)
  A tyrant leech (Swamp:2)
  A blink frog (Lair:3)
  4 dancing weapons
  A shadow (D:9)
  A ynoxinul (Lair:5)
  A vampire (D:9)
  8 yaks
  6 humans (Spider:1)
  A basilisk (Lair:5)
  3 vampire mosquitoes
  4 orc warriors
  An ice beast (D:6)
  3 centaurs
  Blork the orc (D:5)
  4 wights
  2 killer bees (D:10)
  An electric eel (Spider:1)
  Ijyb (D:4)
  An orc priest (D:5)
  A gnoll bouda (D:7)
  4 gnolls
  An adder (D:5)
  2 orcs (D:5)
  A hobgoblin (D:4)
  2 kobolds (D:9)
  25 foxfires
  59 snaplasher vines
224 creatures vanquished.

Grand Total: 2217 creatures vanquished

Notes
Turn   | Place    | Note
-------+----------+-------------------------------------------
     0 | D:1      | BarneyGumball the Felid Summoner began the quest for the
                  | Orb.
     0 | D:1      | Reached XP level 1. HP: 7/7 MP: 4/4
   204 | D:1      | Reached XP level 2. HP: 11/11 MP: 3/6
   597 | D:1      | Learned a level 2 spell: Call Imp
   699 | D:1      | Reached XP level 3. HP: 14/14 MP: 5/7
   703 | D:1      | Learned a level 3 spell: Call Canine Familiar
  1622 | D:3      | Found a faded altar of an unknown god.
  1645 | D:3      | Reached XP level 4. HP: 18/18 MP: 2/9
  1903 | D:3      | Learned a level 3 spell: Summon Guardian Golem
  2198 | D:3      | Noticed a scorpion
  2208 | D:3      | Reached skill level 1 in Hexes
  2228 | D:3      | Killed a scorpion
  2229 | D:3      | Reached skill level 1 in Fighting
  2229 | D:3      | Reached skill level 5 in Summonings
  2229 | D:3      | Reached XP level 5. HP: 22/22 MP: 3/11
  2528 | D:3      | Identified the +2 helmet of Gluttony {Fly}
  2528 | D:3      | Noticed Robin
  2549 | D:3      | Killed Robin
  2803 | D:4      | Gained mutation: You are covered in thick fur. (AC +2)
                  | [Felid growth]
  2803 | D:4      | Reached XP level 6. HP: 25/25 MP: 2/12
  3050 | D:4      | Noticed Grinder
  3102 | D:4      | Killed Grinder
  3103 | D:4      | Reached XP level 7. HP: 30/30 MP: 2/14
  3235 | D:4      | Noticed Ijyb
  3278 | D:4      | Killed Ijyb
  3764 | D:4      | Found a bloodstained altar of Trog.
  3909 | D:4      | Reached skill level 5 in Dodging
  3920 | D:4      | Learned a level 4 spell: Summon Lightning Spire
  4197 | D:5      | Entered Level 5 of the Dungeon
  4345 | D:5      | Reached skill level 6 in Summonings
  4493 | D:5      | Noticed Blork the orc
  4516 | D:5      | Killed Blork the orc
  4584 | D:5      | Found a burning altar of Makhleb.
  4630 | D:5      | Reached skill level 5 in Hexes
  4630 | D:5      | Reached XP level 8. HP: 34/34 MP: 10/15
  4694 | D:5      | Reached skill level 1 in Air Magic
  5380 | D:6      | Noticed Maggie
  5413 | D:6      | Reached skill level 5 in Spellcasting
  5553 | D:6      | Found a snail-covered altar of Cheibriados.
  5582 | D:6      | HP: 1/36 [Maggie/bolt of fire (14)]
  5585 | D:6      | Killed Maggie
  6238 | D:6      | Reached skill level 7 in Summonings
  6238 | D:6      | Reached XP level 9. HP: 39/39 MP: 18/18
  6495 | D:7      | Found a white marble altar of Elyvilon.
  6579 | D:7      | Found a sacrificial altar of Ru.
  6912 | D:7      | Engulfed by a steam dragon's steam
  7148 | D:7      | Noticed Jeremiah
  7176 | D:7      | Killed Jeremiah
  7177 | D:7      | Reached skill level 5 in Fighting
  7324 | D:7      | Found a staircase to the Ecumenical Temple.
  7466 | Temple   | Entered the Ecumenical Temple
  7474 | Temple   | Became a worshipper of Gozag Ym Sagoz the Greedy
  7709 | D:7      | Noticed Menkaure
  7719 | D:7      | Killed Menkaure
  8113 | D:8      | Found Gochoigh's Specific Store.
  8117 | D:8      | Found Pegahaw's General Store.
  8507 | D:8      | Reached XP level 10. HP: 45/45 MP: 20/20
  8726 | D:8      | Reached skill level 8 in Summonings
  9448 | D:8      | Bought a book of Beasts for 456 gold pieces
  9454 | D:8      | Learned a level 5 spell: Summon Mana Viper
  9781 | D:9      | Noticed an orange demon
  9793 | D:9      | Noticed a soul eater
 10203 | D:9      | Reached skill level 5 in Air Magic
 10616 | D:9      | Found an iron altar of Okawaru.
 10936 | D:10     | Entered Level 10 of the Dungeon
 11121 | D:10     | You fall into a shaft and drop 1 floor!
 11122 | D:11     | Noticed a death yak
 11130 | D:11     | Noticed a cyan ugly thing
 11150 | D:11     | Killed a cyan ugly thing
 11641 | D:10     | Noticed an orange crystal statue
 11750 | D:10     | Reached XP level 11. HP: 50/50 MP: 18/23
 11885 | D:10     | Reached skill level 10 in Dodging
 12051 | D:10     | Found a staircase to the Orcish Mines.
 12629 | D:11     | Noticed a death yak
 12629 | D:11     | Noticed a death yak
 12634 | D:11     | Noticed a spectral orc warlord
 12784 | D:11     | Reached skill level 9 in Summonings
 12942 | D:11     | Noticed Nergalle
 13214 | D:11     | Killed a death yak
 13225 | D:11     | Killed a death yak
 13230 | D:11     | Killed a death yak
 13374 | D:11     | Found a staircase to the Lair.
 13490 | D:11     | Got the Papyrus of Wild Minerals
 13677 | D:11     | Engulfed by their own flame
 13832 | D:11     | Found the dreamshard necklace {Acrobat *Dream}
 14155 | D:11     | Killed Nergalle
 14189 | Lair:1   | Entered Level 1 of the Lair of Beasts
 14472 | Lair:1   | Noticed a catoblepas
 14574 | Lair:1   | Killed a catoblepas
 14575 | Lair:1   | Gained mutation: Your thick and shaggy fur keeps you warm.
                  | (AC +3, rC+) [Felid growth]
 14575 | Lair:1   | Reached XP level 12. HP: 56/56 MP: 11/25
 15014 | Lair:1   | Noticed a catoblepas
 15037 | Lair:1   | Killed a catoblepas
 15172 | Lair:1   | Noticed a catoblepas
 15200 | Lair:1   | Killed a catoblepas
 15333 | Lair:1   | Reached skill level 10 in Hexes
 15470 | Lair:1   | Reached skill level 10 in Summonings
 15863 | Lair:1   | Bought the ring "Vejoifre" {rElec rF+ MP+9 Int+3 Dex-5} for
                  | 515 gold pieces
 16758 | Lair:2   | Noticed a seven-headed hydra
 16780 | Lair:2   | Killed a seven-headed hydra
 16942 | Lair:2   | Found a hole to the Spider Nest.
 18241 | Lair:3   | Found a staircase to the Swamp.
 18834 | Lair:3   | Identified the +6 whip "Egrie" {flame, *Rage Int+6}
 19158 | Lair:3   | Learned a level 3 spell: Tukima's Dance
 19654 | Lair:4   | Reached XP level 13. HP: 61/61 MP: 24/27
 20079 | Lair:4   | Reached skill level 11 in Summonings
 20213 | Lair:4   | Reached skill level 10 in Fighting
 20820 | Lair:4   | Reached skill level 10 in Spellcasting
 20879 | Lair:4   | Noticed Josephine
 20895 | Lair:4   | Killed Josephine
 21070 | Lair:4   | Learned a level 7 spell: Monstrous Menagerie
 21188 | Lair:4   | Found a transporter.
 21190 | Lair:4   | Found a transporter.
 22550 | Orc:1    | Entered Level 1 of the Orcish Mines
 23455 | Orc:1    | Found Wixuek's Magic Scroll Emporium.
 23580 | Orc:2    | Entered Level 2 of the Orcish Mines
 23806 | Lair:5   | Entered Level 5 of the Lair of Beasts
 24087 | Lair:5   | Reached skill level 12 in Summonings
 24537 | Lair:5   | Reached XP level 14. HP: 44/67 MP: 28/29
 25574 | Lair:5   | Found a runed translucent door.
 25576 | Lair:5   | Found a viscous altar of Jiyva.
 25578 | Lair:5   | Found a staircase to the Slime Pits.
 25704 | Lair:5   | Reached skill level 15 in Dodging
 26994 | Lair:5   | Found a corrupted altar of Lugonu.
 26994 | Lair:5   | Found a one-way gate to the infinite horrors of the Abyss.
 27007 | Lair:5   | Identified the staff of the Freezing Scavenger {rElec rC-
                  | Will+ Int+5 Air}
 27286 | Lair:5   | Bought a Fen Folio for 630 gold pieces
 27292 | Lair:5   | Learned a level 5 spell: Summon Forest
 27448 | Orc:2    | Found a staircase to the Elven Halls.
 27838 | Orc:2    | Reached skill level 1 in Translocations
 28504 | Orc:2    | Found Yraero's Weapon Shoppe.
 28827 | Orc:2    | Reached skill level 13 in Summonings
 28835 | Orc:2    | Noticed Saint Roka
 28858 | Orc:2    | Killed Saint Roka
 28975 | Orc:2    | Found Owoonogy's Antique Armour Shoppe.
 28981 | Orc:2    | Found Otryo's Antique Weapon Emporium.
 29733 | Orc:2    | Found Janoxorph's Jewellery Boutique.
 29743 | Orc:2    | Bought the ring of Gommar {*Corrode rF+ Will+ MP+9 Int+8}
                  | for 898 gold pieces
 29745 | Orc:2    | Bought an amulet of reflection for 390 gold pieces
 30410 | D:12     | Found a transporter.
 30411 | D:12     | Found a transporter.
 30491 | D:12     | Found a transporter.
 30493 | D:12     | Found a transporter.
 30846 | D:12     | Reached XP level 15. HP: 73/73 MP: 31/31
 30940 | D:12     | Noticed Erolcha
 30947 | D:12     | Killed Erolcha
 31176 | D:12     | Found a transporter.
 31180 | D:12     | Found a transporter.
 31412 | D:12     | Found Juilon's Distillery.
 31420 | D:12     | Bought 2 potions of resistance for 280 gold pieces
 31420 | D:12     | Bought a potion of cancellation for 112 gold pieces
 31791 | D:13     | Noticed Sonja
 31802 | D:13     | Reached skill level 5 in Translocations
 31806 | D:13     | Killed Sonja
 31920 | D:13     | Found a gate to the Vaults.
 34790 | D:15     | Entered Level 15 of the Dungeon
 35272 | D:15     | Reached skill level 14 in Summonings
 35917 | D:15     | Found a staircase to the Depths.
 36773 | Swamp:1  | Entered Level 1 of the Swamp
 36795 | Swamp:1  | Noticed a tentacled monstrosity
 36884 | Swamp:1  | Reached skill level 1 in Shapeshifting
 37002 | Swamp:1  | Found a transporter.
 37013 | Swamp:1  | Reached XP level 16. HP: 69/78 MP: 19/33
 37165 | Swamp:1  | Noticed Xozugaitue's ghost (journeyman KoBr)
 37171 | Swamp:1  | Found a transporter.
 38922 | Swamp:2  | Identified the ring of Sireheobb {rN+ rCorr Int+3 Dex+3}
 39532 | Swamp:2  | Learned a level 7 spell: Summon Hydra
 40859 | Swamp:3  | Reached skill level 10 in Translocations
 40859 | Swamp:3  | Reached skill level 5 in Shapeshifting
 42651 | Spider:1 | Entered Level 1 of the Spider Nest
 43272 | Spider:1 | Noticed Kirke
 43584 | Spider:1 | Killed Kirke
 44628 | Spider:1 | Lost strength.
 44629 | Spider:1 | HP: 1/79 [ghost moth (6)]
 44629 | Spider:1 | Demolished by a ghost moth
 44816 | Lair:2   | Bought an Inescapable Atlas for 288 gold pieces
 44820 | Lair:2   | Learned a level 2 spell: Blink
 44903 | Swamp:4  | Entered Level 4 of the Swamp
 45012 | Swamp:3  | Reached XP level 17. HP: 83/83 MP: 32/35
 46328 | Swamp:4  | Noticed Donald
 46336 | Swamp:4  | Killed Donald
 47967 | Swamp:4  | Noticed the 27-headed Lernaean hydra
 47981 | Swamp:4  | Killed the 27-headed Lernaean hydra
 48354 | Swamp:4  | Reached skill level 10 in Shapeshifting
 48544 | Swamp:4  | Got a decaying rune of Zot
 48950 | D:15     | Bought a book of the Dragon for 588 gold pieces
 49138 | Spider:1 | HP: 4/124 [ghost moth (19)]
 50680 | Spider:2 | Paralysed by a jorogumo for 3 turns
 50907 | Spider:2 | Noticed Arachne
 50932 | Spider:2 | Killed Arachne
 53442 | Spider:3 | Reached XP level 18. HP: 77/87 MP: 14/37
 54684 | Spider:4 | Entered Level 4 of the Spider Nest
 54819 | Spider:4 | Noticed Mlioglotl
 54822 | Spider:4 | Noticed a bone dragon
 54825 | Spider:3 | HP: 2/87 [spark wasp (4)]
 55414 | Elf:1    | Entered Level 1 of the Elven Halls
 55804 | Spider:3 | Upgraded the game from 0.31-a0-620-gd1cbd99 to
                  | 0.31-a0-624-g18b9692
 55859 | Spider:4 | Slain by a sun moth
 56058 | Spider:4 | Killed Mlioglotl
 56273 | Spider:4 | Reached skill level 15 in Shapeshifting
 56391 | Spider:4 | Found a runed translucent gate.
 56391 | Spider:4 | Found a runed translucent gate.
 56391 | Spider:4 | Found a runed translucent gate.
 56638 | Spider:4 | Noticed Mara
 56649 | Spider:4 | Killed Mara
 58002 | Spider:4 | Reached skill level 15 in Summonings
 58162 | Spider:4 | Identified the +1 hat of Itravagg {+Blink rC+ Str+5 Slay-6}
 58177 | Spider:4 | Got a gossamer rune of Zot
 58535 | Vaults:1 | Entered Level 1 of the Vaults
 58749 | Vaults:1 | Reached XP level 19. HP: 91/91 MP: 31/38
 58934 | Vaults:1 | Learned a level 5 spell: Yara's Violent Unravelling
 59623 | Vaults:1 | Reached skill level 1 in Transmutations
 60676 | Vaults:2 | Reached skill level 15 in Fighting
 61232 | Vaults:2 | Identified the +1 robe "Sosun" {*Corrode Int+6}
 61456 | Vaults:2 | Reached skill level 16 in Summonings
 62592 | Vaults:3 | Found Muedash's Assorted Antiques.
 62599 | Vaults:3 | Bought a potion of haste for 280 gold pieces
 62599 | Vaults:3 | Bought a potion of invisibility for 224 gold pieces
 62599 | Vaults:3 | Bought 2 potions of curing for 168 gold pieces
 62599 | Vaults:3 | Bought a scroll of amnesia for 112 gold pieces
 63226 | Vaults:3 | Reached XP level 20. HP: 97/97 MP: 34/39
 63299 | Vaults:3 | Reached skill level 17 in Summonings
 64675 | Vaults:3 | Found a staircase to the Crypt.
 66168 | Vaults:4 | Reached skill level 15 in Spellcasting
 66579 | Vaults:4 | Reached skill level 18 in Summonings
 67441 | Elf:1    | Identified the +7 falchion of Aczugrus {chaos, rCorr Str+2
                  | Stlth+}
 67643 | Elf:1    | Found Likhlet's Antique Weapon Shop.
 67777 | Elf:1    | HP: 3/127 [deep elf archer/arrow (10)]
 68048 | Elf:1    | Identified the +1 chain mail "Ihooll" {Str+5 Int-2}
 69342 | Elf:2    | Found a runed translucent gate.
 69342 | Elf:2    | Found a runed translucent gate.
 69342 | Elf:2    | Found a runed translucent gate.
 69923 | Elf:3    | Entered Level 3 of the Elven Halls
 70015 | Elf:3    | Reached XP level 21. HP: 102/102 MP: 41/41
 70928 | Elf:3    | Paralysed by an air elemental for 1 turns
 71100 | Elf:3    | Identified the +1 robe of the Guardian {Rampage rC+ Int+3}
 71100 | Elf:3    | Found the ring of the Octopus King {rC+ HP+2 AC+2 EV+2
                  | SH+2}
 71111 | Elf:3    | Identified the ring "Zaidu" {Wiz Fly rCorr Stlth+}
 71117 | Elf:3    | Reached skill level 19 in Summonings
 71158 | Elf:3    | Identified the ring "Rassu Roumih" {rF+ Will+ Str+3 Dex+6}
 71373 | Elf:3    | Identified the +1 dagger of Volegen {drain, +Blink MP+9
                  | Str-5 Dex+4}
 71409 | Elf:3    | Identified the ring of Ytatukhla {Wiz rN+}
 71444 | Elf:3    | Identified the +3 dagger "Evvoig" {freeze, rCorr Int-4
                  | SInv}
 71476 | Elf:3    | Got Sif Muna's Monograph on Lightning and Talus
 71500 | Elf:3    | Learned a level 9 spell: Dragon's Call
 71652 | Orc:2    | Bought a book of Party Tricks for 288 gold pieces
 71654 | Orc:2    | Learned a level 1 spell: Apportation
 71656 | Orc:2    | Bought an amulet of magic regeneration for 600 gold pieces
 71656 | Orc:2    | Bought the ring "Jeh Xeos" {Wiz rF++ rC+ rN+ Stlth+} for
                  | 1370 gold pieces
 71801 | Depths:1 | Entered Level 1 of the Depths
 72110 | Depths:1 | Found a faded altar of an unknown god.
 72110 | Depths:1 | Found a faded altar of an unknown god.
 72371 | Depths:1 | Found Ufyhips's Assorted Antiques.
 72380 | Depths:1 | Bought a potion of magic for 232 gold pieces
 72380 | Depths:1 | Bought a potion of curing for 87 gold pieces
 72556 | Depths:1 | Identified the +5 whip "Vaunygh" {freeze, rN++ Will+ Str+4
                  | Dex-5 Stlth+}
 72598 | Depths:1 | Found a gateway to Hell.
 72827 | Depths:1 | Found a hazy altar of Hepliaklqana.
 73027 | Depths:2 | Identified the ring "Optokuw" {Fly rF+ Will- Int+7 Dex-5}
 73072 | Depths:2 | Paralysed by a floating eye for 4 turns
 73255 | Depths:2 | Identified the ring "Nemosomu" {Drain Will++ Str+6 SInv}
 73517 | Depths:2 | Got the Parchment of Translocational Clay
 73533 | Depths:2 | Paralysed by a floating eye for 3 turns
 73547 | Depths:2 | Reached skill level 20 in Summonings
 73694 | Depths:2 | Found a one-way gate leading to the halls of Pandemonium.
 73945 | Depths:2 | Found the ring of the Mage {Wiz Archmagi}
 73945 | Depths:2 | Noticed Vv
 73952 | Depths:2 | Noticed a caustic shrike
 73959 | Depths:2 | Killed a caustic shrike
 73973 | Depths:2 | Killed Vv
 74053 | Depths:2 | Reached XP level 22. HP: 108/108 MP: 30/43
 74061 | Depths:2 | Identified the ring of the Good {rC+ Str+4 Dex+6}
 74135 | Depths:2 | Paralysed by a floating eye for 3 turns
 74174 | Depths:2 | Found a transporter.
 74299 | Depths:2 | Identified the ring "Qoreag" {Wiz rF+ rN+ Will+}
 74363 | Depths:2 | Found a stormy altar of Qazlal.
 74474 | Depths:2 | Learned a level 5 spell: Silence
 74561 | Depths:2 | Found a snail-covered altar of Cheibriados.
 74579 | Depths:2 | Identified a scroll of acquirement
 74590 | Depths:2 | Acquired 1130 gold pieces
 75494 | Depths:3 | Reached skill level 21 in Summonings
 75822 | Depths:3 | Noticed a juggernaut
 75829 | Depths:3 | Killed a juggernaut
 76099 | Depths:3 | Identified the +5 mace of Spite {antimagic, Fragile rCorr
                  | Int+4}
 76544 | Depths:4 | Entered Level 4 of the Depths
 76597 | Depths:4 | Found a one-way gateway to a ziggurat.
 76632 | Depths:3 | Reached skill level 22 in Summonings
 77135 | Depths:4 | Found Wiheg's Antique Weapon Boutique.
 77616 | Depths:4 | Noticed Mennas
 77742 | Depths:4 | Killed Mennas
 77964 | Depths:4 | Found a gate to the Realm of Zot.
 78560 | Vaults:5 | Entered Level 5 of the Vaults
 78563 | Vaults:5 | Reached skill level 23 in Summonings
 78596 | Vaults:5 | Reached XP level 23. HP: 112/112 MP: 25/44
 78616 | Vaults:5 | Noticed an ancient lich
 78732 | Vaults:5 | Noticed Sojobo
 78740 | Vaults:5 | Killed an ancient lich
 78746 | Vaults:5 | Your ally Sojobo died
 78858 | Vaults:5 | Noticed Frederick
 78862 | Vaults:5 | Killed Frederick
 78863 | Vaults:5 | Reached skill level 24 in Summonings
 79379 | Vaults:5 | Identified the +3 great sword of Tuczolitt {pain, rF+ rC+++
                  | MP+9 Dex-2}
 79401 | Vaults:5 | Identified the +5 morningstar "Cidd" {heavy, *Noise rPois
                  | Str+6 Int-4}
 79401 | Vaults:5 | Identified the amulet of Soopin {Will- Regen+ Slay+5}
 79628 | Vaults:5 | Identified the staff "No More Talking" {rC+ Dex+5 Ice}
 79635 | Vaults:5 | Identified the ring of Deilibi {Contam Fly rN+ Will+ SInv}
 79641 | Vaults:5 | Identified the +1 ring mail of Levity {rN+ Slay+2}
 79863 | Vaults:5 | Got a silver rune of Zot
 80393 | Depths:4 | Bought A Thorough Guide to Wizarding for 1008 gold pieces
 80402 | Depths:4 | Learned a level 7 spell: Malign Gateway
 80411 | Depths:4 | Learned a level 6 spell: Dispersal
 80448 | Zot:1    | Entered Level 1 of the Realm of Zot
 80455 | Zot:1    | Noticed an orb of fire
 80468 | Zot:1    | Killed an orb of fire
 81449 | Zot:1    | Found a runed translucent gate.
 81449 | Zot:1    | Found a runed translucent gate.
 81449 | Zot:1    | Found an opulent altar of Gozag.
 81449 | Zot:1    | Found a runed translucent gate.
 81449 | Zot:1    | Noticed Kaonimui's ghost (master DjHW)
 81451 | Zot:1    | Found Zosyah's Assorted Antiques.
 81579 | Zot:2    | Noticed an orb of fire
 81579 | Zot:2    | Gained mutation: You are clumsy. (Dex -2) [an orb of fire]
 81585 | Zot:2    | Killed an orb of fire
 81876 | Zot:2    | Reached XP level 24. HP: 118/118 MP: 36/44
 81879 | Zot:2    | Reached skill level 25 in Summonings
 83121 | Zot:3    | Identified the scarf of Generosity {+Inv, rC+ Str+3 Int-3
                  | Dex+3}
 83625 | Zot:4    | Noticed an orb of fire
 83626 | Zot:4    | Gained mutation: You do not regenerate when monsters are
                  | visible. [an orb of fire]
 84576 | Zot:4    | Killed an orb of fire
 85487 | Zot:5    | Entered Level 5 of the Realm of Zot
 85491 | Zot:5    | Reached skill level 26 in Summonings
 85876 | Zot:5    | Noticed a Killer Klown
 85882 | Zot:5    | Killed a Killer Klown
 85900 | Zot:5    | Noticed a dread lich
 85920 | Zot:5    | Noticed an orb of fire
 85926 | Zot:5    | Noticed an ancient lich
 85928 | Zot:5    | Noticed an ancient lich
 85930 | Zot:5    | Killed an orb of fire
 85931 | Zot:5    | Killed an ancient lich
 85932 | Zot:5    | Noticed a dread lich
 85932 | Zot:5    | Noticed an ancient lich
 85941 | Zot:5    | Killed a dread lich
 85942 | Zot:5    | Reached XP level 25. HP: 123/123 MP: 28/44
 85953 | Zot:5    | Killed an ancient lich
 86097 | Zot:5    | Noticed an orb of fire
 86099 | Zot:5    | Noticed an ancient lich
 86117 | Zot:5    | Noticed an orb of fire
 86119 | Zot:5    | Gained mutation: You have a pair of small antennae on your
                  | head. [an orb of fire]
 86119 | Zot:5    | Gained mutation: You are frail. (-10% HP) [an orb of fire]
 86285 | Zot:5    | Killed an orb of fire
 86344 | Zot:5    | Killed an orb of fire
 86344 | Zot:5    | Killed an ancient lich
 86546 | Zot:5    | Noticed a Killer Klown
 86554 | Zot:5    | Killed a Killer Klown
 86615 | Zot:5    | Noticed a dread lich
 86621 | Zot:5    | Killed a dread lich
 86765 | Zot:5    | Noticed a dread lich
 86858 | Zot:5    | Got the Orb of Zot
 87271 | D:6      | Noticed Ufoox the pandemonium lord
 87352 | D:$      | Escaped with the Orb!

Illustrated notes

Levels and vault maps discovered:
D:1:      saegor_arrival_under_anarchy, layout_basic
D:2:      layout_basic, st_stairs_14
D:3:      layout_basic, shapermc_ecumenical_altar_mp_ritualfount,
          hangedman_decor_push, uniq_robin
D:4:      layout_basic, mainiacjoe_overflow_surrounded_room, minmay_vboxes,
          uniq_ijyb, uniq_grinder
D:5:      layout_cave_pools, mainiacjoe_overflow_24_doors,
          minmay_misc_feat_hallway, uniq_blork_the_orc
D:6:      layout_basic, kennysheep_slug_shrine, uniq_maggie
D:7:      layout_cave_pools, nicolae_ru_awakened_eye, elyvilon_altar_3,
          temple_doors_cd, uniq_menkaure, uniq_jeremiah
D:8:      layout_loops_corners, grunt_decor_one_mirror, nicolae_specific_store,
          blue_anna_alchemist
D:9:      layout_loops_cross, okawaru_metal_pillars_1_2
D:10:     minmay_separated_statues, layout_stronghold, orc_0_dummy,
          minmay_statues_item
D:11:     layout_loops_ring, dpeg_lair_monsters, uniq_nergalle
D:12:     layout_basic, serial_shops, nicolae_shop_tiny_waterfront,
          serial_nicolae_subway, nicolae_sub_station_crystal,
          nicolae_sub_station_metal, nicolae_sub_station_stone, uniq_erolcha
D:13:     minmay_bloctagon, layout_long_grid, hellmonk_vaults_keyhole,
          uniq_sonja
D:14:     layout_irregular_city, corexii_corridor_pit
D:15:     gammafunk_depths_entry_grave, layout_basic, gauntlet_entry_generic,
          serial_park_square3 [serial_park_minivault_5x5_7],
          minmay_misc_feat_pillars
Temple:   nicolae_temple_x_marks_the_god
Lair:1:   layout_regular_city, grunt_megastairs_3
Lair:2:   layout_big_grid, spider_nest_entry_webs, chequers_serial_rivers_marsh,
          st_stairs_9, chequers_serial_rivers_large_b, grunt_megastairs_4
Lair:3:   layout_cave_pods, minmay_swamp_entry_wisps,
          chequers_serial_rivers_marsh
Lair:4:   gammafunk_boulding_lane, layout_small_grid,
          chequers_serial_rivers_micro_c, minmay_stone_trees_medium,
          serial_bayou_pond_c, nzn_random_ring, uniq_josephine
Lair:5:   hellmonk_lair_end_abyssal_woods, layout_misc_corridors, slime_entry_2,
          lemuel_fruit_tree, grunt_megastairs_1, infiniplex_staircase_pool
Swamp:1:  layout_basic_swamp, gammafunk_ghost_abyssal_escape
Swamp:2:  nzn_winding_woodlands_medium [nzn_winding_woodlands_5x5_cross,
          nzn_winding_woodlands_5x15_concentric,
          nzn_winding_woodlands_5x5_three, nzn_winding_woodlands_5x5_open_star,
          nzn_winding_woodlands_center_triple_pond,
          nzn_winding_woodlands_5x5_checkerboard,
          nzn_winding_woodlands_5x5_closed_star,
          nzn_winding_woodlands_5x15_sawtooth,
          nzn_winding_woodlands_5x5_perimeter], layout_basic_swamp,
          serial_swamp_ruin, evilmike_swamp_ruin_house_5,
          evilmike_swamp_ruin_rubble_2, evilmike_swamp_ruin_house_1
Swamp:3:  layout_basic_swamp, portal_ice_cave_entry_frozen_things,
          nicolae_swamp_small_spring, infiniplex_staircase_pool_2
Swamp:4:  swamp_old_school, layout_basic_swamp, uniq_donald
Spider:1: layout_spider_delve, uniq_kirke
Spider:2: layout_spider_delve, hellmonk_deceptive_appearances, uniq_arachne
Spider:3: layout_spider_delve, nicolae_spider_scorpion_nest
Spider:4: spider_rune_water, gammafunk_ghost_tricky_traps, uniq_mlioglotl,
          uniq_mara
Orc:1:    layout_caves, serial_shops, nicolae_shop_rolled_up
Orc:2:    grunt_orc_community_town_hall, layout_diamond_mine,
          grunt_orc_community_big_house_1, grunt_orc_community_big_house_1,
          grunt_orc_community_house_1, grunt_orc_community_house_3,
          grunt_orc_community_house_1, grunt_orc_community_house_3,
          abandoned_shop, nicolae_orc_lava_tube, nicolae_orc_lava_room
Elf:1:    eino_elf_arrival_shootout, layout_rooms, serial_shops,
          nicolae_shop_overgrown_old_shop, minivault_28
Elf:2:    elven_hall_of_blades_hangedman_original [nicolae_blade_bullseye],
          layout_loops_cross, serial_sigils, serial_sigils_hangedman_shear,
          serial_sigils_hangedman_confine, serial_sigils_hangedman_quiver
Elf:3:    grunt_elf_hall_diamonds, layout_geoelf_grid
Vaults:1: ontoclasm_vaults_idyll, nicolae_vaults_circle_grid_a,
          vaults_mumra_bighexcomb, v_misc_8, vaults_room_grid,
          nicolae_vaults_house_3, nicolae_vaults_tetromino_L_1,
          hangedman_vaults_corner_blocks, nicolae_vaults_tetromino_Z_1,
          layout_vaults_omnigrid
Vaults:2: nicolae_vaults_quadrants, nicolae_vaults_inception_scallops,
          nicolae_vaults_offset_grid_hallway_3, v_pattern_3,
          nicolae_vaults_sesquioval_fish, nicolae_vaults_surprise_closet,
          nicolae_vaults_three_branches, hangedman_vaults_trim,
          nicolae_vaults_shelves_hall, layout_vaults_maze_bifur
Vaults:3: hangedman_vaults_locks, nicolae_vaults_tangent_ellipses,
          nicolae_vaults_surprise_closet, minmay_crypt_entry_simple_walls,
          hangedman_vaults_trim, ontoclasm_vaults_tryst, ontoclasm_vaults_pinch,
          vaults_room_fancy_cross, dpeg_vaults_monster_box, vaults_dpeg_hooks,
          nicolae_vaults_puzzle_piece, nicolae_vaults_heart-shaped_vault,
          layout_vaults_omnicross, serial_shops, shop
Vaults:4: ontoclasm_vaults_eye, nicolae_vaults_little_squares_4, v_misc_1,
          vaults_room_fours, ontoclasm_vaults_ring_small,
          ontoclasm_vaults_loading_screen, st_cells,
          nicolae_vaults_storage_closets_3, nicolae_vaults_little_squares_6,
          nicolae_vaults_windows_and_doors_thing, vaults_room_fours,
          nicolae_vaults_theta, nicolae_vaults_house_2, vaults_dpeg_ring,
          nicolae_vaults_big_angled_halls, nicolae_vaults_oval_intersection,
          v_misc_15, v_misc_17, layout_vaults_omnibox
Vaults:5: uniq_sojobo, uniq_saint_roka, uniq_frederick
Depths:1: layout_cave_pools, lightli_too_deep, serial_shops,
          nicolae_shop_overgrown_old_shop, hangedman_glass_teeth,
          nicolae_hepliaklqana_ecumenical_no_more
Depths:2: hangedman_spin_cycle, serial_shops, pan_entry, hell_entry, uniq_vv
Depths:3: minmay_stepped, layout_basic, grunt_hell_entry_dis_mu,
          hangedman_abyss_entry_splay, infiniplex_staircase_trident,
          roderic_lattice_octagonal_star
Depths:4: grunt_twist_and_shout, layout_honeycomb, enter_ziggurat_b,
          serial_shops, shop, hell_entry, rand_demon_pan_entry_7,
          statue_in_the_mist_lemuel, drop_trap, uniq_mennas
Zot:1:    layout_twisted_circle, ebering_ghost_gozag
Zot:2:    layout_misc_corridors
Zot:3:    layout_concentric_octagons, uniq_josephina
Zot:4:    layout_concentric_octagons
Zot:5:    layout_twisted_circle, st_stairs_8

Skill      XL: |  1  2  3  4  5  6  7  8  9 10 11 12 13 14 15 16 17 18 19 20 21 22 23 24 25 |
---------------+----------------------------------------------------------------------------+-----
Stealth        | 3 |  3.0
Dodging        | 3 4 5 7 8 9 11 12 14 16 17 18 19 20 21 22 23 | 23.7
Spellcasting   | 3 4 5 6 7 8 9 10 11 12 13 14 15 16 | 16.4
Hexes          | 1 2 3 5 7 9 10 | 10.0
Fighting       | 1 2 3 4 6 7 8 9 11 12 13 14 15 17 18 19 | 19.3
Summonings     | 5 6 7 8 9 10 12 13 14 15 16 18 20 23 24 26 | 26.7
Air Magic      | 2 4 5 6 7 |  7.0
Translocations | 4 8 10 | 10.0
Shapeshifting  | 1 7 12 16 17 18 19 | 19.9
Transmutations | 4 |  4.0

Action                     |  1- 3 |  4- 6 |  7- 9 | 10-12 | 13-15 | 16-18 | 19-21 | 22-24 | 25-27 || total
---------------------------+-------+-------+-------+-------+-------+-------+-------+-------+-------++-------
  Melee: Unarmed           |    12 |     7 |     8 |    24 |    33 |    80 |    63 |    61 |     8 ||   296
         Bite              |     1 |       |       |     5 |     4 |    16 |     9 |    10 |     4 ||    49
         Punch             |       |       |       |       |       |       |     3 |     2 |       ||     5
   Cast: Summon Small Mamm |    41 |    19 |    86 |   193 |   331 |   149 |       |       |       ||   819
         Call Imp          |    11 |     9 |    44 |    95 |   115 |    40 |       |       |       ||   314
         Call Canine Famil |     5 |    16 |    70 |   128 |   181 |   114 |       |       |       ||   514
         Summon Guardian G |       |     2 |    27 |    48 |    30 |    19 |     3 |       |       ||   129
         Summon Lightning  |       |       |       |    25 |    77 |    62 |       |     2 |       ||   166
         Summon Mana Viper |       |       |       |    71 |   195 |   155 |    50 |    37 |     1 ||   509
         Summon Forest     |       |       |       |       |    15 |    72 |   157 |    93 |    11 ||   348
         Tukima's Dance    |       |       |       |       |     9 |     1 |    10 |     7 |       ||    27
         Monstrous Menager |       |       |       |       |    12 |   159 |   155 |    63 |       ||   389
         Summon Hydra      |       |       |       |       |       |   216 |   333 |   196 |     4 ||   749
         Yara's Violent Un |       |       |       |       |       |       |     7 |     3 |     1 ||    11
         Blink             |       |       |       |       |       |       |     2 |     3 |     2 ||     7
         Dragon's Call     |       |       |       |       |       |       |       |    44 |    13 ||    57
         Silence           |       |       |       |       |       |       |       |     1 |       ||     1
         Malign Gateway    |       |       |       |       |       |       |       |     7 |     4 ||    11
         Dispersal         |       |       |       |       |       |       |       |     3 |     6 ||     9
 Invoke: Call Merchant     |       |       |       |     1 |     3 |     1 |     2 |     1 |       ||     8
         Bribe Branch      |       |       |       |       |       |       |       |     2 |     1 ||     3
         Potion Petition   |       |       |       |       |       |       |       |     1 |       ||     1
  Evoke: Wand              |       |       |       |       |     3 |     3 |     3 |     3 |     4 ||    16
    Use: Scroll            |       |     2 |    14 |     8 |     1 |    19 |    10 |    10 |     4 ||    68
         Potion            |       |       |     2 |       |     2 |    22 |     9 |     6 |     9 ||    50
   Stab: Distracted        |       |       |     1 |     2 |       |     2 |     3 |     1 |       ||     9
         Paralysed         |       |       |       |       |       |     1 |     3 |       |       ||     4
         Sleeping          |       |       |       |       |       |       |     1 |     1 |       ||     2
 Armour: Skin              |       |     3 |     1 |     4 |    11 |    83 |   114 |    95 |    18 ||   329
  Dodge: Dodged            |    13 |    26 |    57 |   151 |   166 |   490 |   427 |   423 |   111 ||  1864
  Block: Other             |       |       |       |       |    16 |    99 |    81 |       |       ||   196
         Reflection        |       |       |       |       |     9 |     1 |    29 |       |       ||    39
   Form: Statue            |       |       |       |       |       |     2 |       |       |       ||     2
                           |       |       |       |       |       |     1 |       |       |       ||     1

Table legend: (Time is in decaauts)
 A = Elapsed time spent in this place.
 B = Non-inter-level travel time spent in this place.
 C = Inter-level travel time spent in this place.
 D = Time resting spent in this place.
 E = Time spent auto-exploring this place.
 F = Levels seen in this place.
 G = Mean time per level.
                   A        B        C        D        E       F      G
               +--------+--------+--------+--------+--------+-----+--------+
         Total |  99218 |  91300 |   7918 |  17390 |  51627 |  48 | 2067.0 |
       Dungeon |  20275 |  17910 |   2365 |   1220 |  11825 |  15 | 1351.7 |
        Temple |     13 |      1 |     12 |      0 |      0 |   1 |   13.0 |
          Lair |  12846 |  11687 |   1159 |   2082 |   7763 |   5 | 2569.2 |
         Swamp |   9412 |   8919 |    493 |   2273 |   5094 |   4 | 2353.0 |
   Spider Nest |  10569 |   9940 |    629 |   4819 |   2928 |   4 | 2642.2 |
  Orcish Mines |   4148 |   3732 |    416 |    874 |   2233 |   2 | 2074.0 |
   Elven Halls |   6161 |   5873 |    288 |    945 |   3042 |   3 | 2053.7 |
        Vaults |  15797 |  14788 |   1009 |   1426 |  10523 |   5 | 3159.4 |
        Depths |  10123 |   9268 |    855 |   1677 |   4646 |   4 | 2530.8 |
           Zot |   9869 |   9181 |    688 |   2073 |   3571 |   5 | 1973.8 |
               +--------+--------+--------+--------+--------+-----+--------+

Top non-repeatable levels by time:
Vaults:3: 4634 daAuts
Spider:4: 3476 daAuts
Vaults:4: 3390 daAuts
  Lair:2: 3347 daAuts
Depths:3: 3183 daAuts
  Lair:4: 3123 daAuts
 Swamp:4: 3060 daAuts
Spider:1: 3027 daAuts
   Orc:2: 2959 daAuts
   Zot:3: 2873 daAuts
Vaults:1: 2814 daAuts
  Lair:5: 2790 daAuts
Vaults:2: 2666 daAuts
 Swamp:2: 2627 daAuts
Depths:2: 2585 daAuts
